 Dungeon Crawl Stone Soup version 0.30-a0-1103-g25895a7845 (webtiles) character file.

Game seed: 12945668403794202523

345 zeram the Ducker (level 6, -12/42 HPs)
             Began as an Octopode Fighter on Apr 19, 2023.
             Killed from afar by Ijyb (18 damage)
             ... with an iceblast
             ... on level 3 of the Dungeon.
             The game lasted 00:05:22 (2339 turns).

zeram the Ducker (Octopode Fighter)                 Turns: 2339, Time: 00:05:23

Health: -12/42     AC:  1    Str: 15    XL:     6   Next: 58%
Magic:  15/15      EV: 13    Int: 13    God:
Gold:   185        SH:  4    Dex: 11    Spells: 5/5 levels left

rFire   . . .      SeeInvis .    a - +0 rapier
rCold   . . .      Faith    .    b - +0 buckler
rNeg    . . .      Spirit   .    (helmet restricted)
rPois   .          Reflect  .    (no amulet)
rElec   .          Rampage  .    g - ring of magical power
rCorr   .                        (no ring)
Will    .....                    (no ring)
Stlth   +++                      (no ring)
HPRegen 0.27/turn                (no ring)
MPRegen 0.14/turn                (no ring)
                                 (no ring)
                                 (no ring)

@: attractive, invisible
A: almost no armour, amphibious, 8 rings, camouflage 1, gelatinous body 1,
(nimble swimmer 1), tentacles
a: no special abilities


You were on level 3 of the Dungeon.
You visited 1 branch of the dungeon, and saw 3 of its levels.

You collected 185 gold pieces.

Inventory:

Hand Weapons
 a - a +0 rapier (weapon)
Armour
 b - a +0 buckler (worn)
Jewellery
 g - a ring of magical power (left tentacle)
Wands
 p - a wand of flame (22)
Scrolls
 d - a scroll of fog {unknown}
 h - 2 scrolls of teleportation
 l - a scroll of vulnerability {unknown}
 m - a scroll of silence {unknown}
 n - 2 scrolls of immolation
 o - 2 scrolls of identify
 s - a scroll of fear
Potions
 c - a potion of might
 e - a potion of brilliance {unknown}
 f - a potion of attraction
 i - 4 potions of haste
 j - 2 potions of mutation
 k - a potion of resistance {unknown}
 q - a potion of invisibility
 r - a potion of curing {unknown}


   Skills:
 - Level 3.0 Fighting
 + Level 4.2 Short Blades
 + Level 4.4 Dodging
 + Level 4.0 Stealth
 + Level 3.9 Shields


You had 5 spell levels left.
You didn't know any spells.
Your spell library was empty.

Dungeon Overview and Level Annotations

Branches:
Dungeon (3/15)

Altars:

Annotations:
D:3 1 runed translucent door, Ijyb; xian's ghost, amateur DsEn


Innate Abilities, Weirdness & Mutations

You cannot wear most types of armour.
You are amphibious.
You can wear up to eight rings at the same time.
Your skin changes colour to match your surroundings (Stealth+).
Your rubbery body absorbs attacks. (AC +1, EV +1)
((You are camouflaged when in or above water. (Stealth+)))
You have tentacles for arms and can constrict up to eight enemies at once.


Message History

You are too injured to fight recklessly!
You are too injured to fight recklessly!
You are too injured to fight recklessly!
You are too injured to fight recklessly!
You are too injured to fight recklessly!
You are too injured to fight recklessly!
You are too injured to fight recklessly!
You are too injured to fight recklessly!
You are too injured to fight recklessly!
You are too injured to fight recklessly!
You are too injured to fight recklessly!
You are too injured to fight recklessly!
You are too injured to fight recklessly!
You are too injured to fight recklessly!
You are too injured to fight recklessly!
You are too injured to fight recklessly!
You are too injured to fight recklessly!
You release your grip on Ijyb.
Ijyb attacks as you move away! Ijyb hits you with a +0 dagger.
The orc misses you. Ijyb attacks as you move away! Ijyb completely misses you.
Ijyb attacks as you move away! Ijyb barely misses you.
You see here a +0 dagger.
Ijyb attacks as you move away! Ijyb hits you with a +0 dagger.
Ijyb zaps a wand.
The mass of ice explodes!
The iceblast engulfs you!
* * * LOW HITPOINT WARNING * * *
The orc wizard shouts!
Aiming: Throw Flame
Press: ? - help, Shift-Dir - straight line, f - Ijyb
Aim: Ijyb, wielding a +0 dagger, wearing a +0 leather armour and carrying a wand of iceblast (7) (moderately wounded, 60% to hit)
The puff of flame misses Ijyb.
The puff of flame hits the orc!
You kill the orc!
It was a potion of attraction.
You feel attractive to monsters. Ijyb hits you with a +0 dagger.
* * * LOW HITPOINT WARNING * * *
The orc wizard is attracted toward you.
It was a potion of invisibility.
You fade into invisibility!
Ijyb zaps a wand.
The mass of ice explodes!
The iceblast engulfs you!!
You die...

.... #.. ########
###..#l..# #....+.?$#
###.#..#W.[#
##############......#####
#...)§og@......####...)..
......).##############
#...... ..#######
##...... #..†....
.....###... #..## #...
..# #... ## #... #...


You could see Ijyb (unable to see you) and an orc wizard (unable to see you).

Vanquished Creatures
  Sigmund (D:3)
  Jessica (D:2)
  Terence (D:2)
  Natasha (twice) (D:2)
  2 adders
  2 worms
  A dart slug (D:1)
  4 orcs (D:3)
  6 endoplasms
  4 giant cockroaches
  3 goblins
  8 hobgoblins
  3 jackals (D:1)
  2 quokkas (D:1)
  9 ball pythons
  4 bats
  6 frilled lizards
  2 kobolds (D:2)
  6 rats
67 creatures vanquished.

Notes
Turn   | Place    | Note
-------+----------+-------------------------------------------
     0 | D:1      | zeram the Octopode Fighter began the quest for the Orb.
     0 | D:1      | Reached XP level 1. HP: 16/16 MP: 1/1
   102 | D:1      | Reached XP level 2. HP: 20/21 MP: 2/2
   473 | D:1      | Reached XP level 3. HP: 26/26 MP: 3/3
   887 | D:2      | Noticed Natasha
   892 | D:2      | Killed Natasha
   893 | D:2      | Reached skill level 1 in Stealth
   893 | D:2      | Reached XP level 4. HP: 31/31 MP: 4/4
   903 | D:2      | Noticed Jessica
   910 | D:2      | Killed Jessica
   961 | D:2      | Noticed Terence
   970 | D:2      | Killed Terence
   971 | D:2      | Reached XP level 5. HP: 24/36 MP: 5/5
  1291 | D:2      | Found the +0 toga "Victory" {*Victory Clar}
  1389 | D:2      | Noticed Natasha
  1395 | D:2      | Killed Natasha
  2045 | D:3      | Noticed Sigmund
  2063 | D:3      | Killed Sigmund
  2064 | D:3      | Reached XP level 6. HP: 16/42 MP: 6/6
  2299 | D:3      | Found a runed translucent door.
  2300 | D:3      | Noticed xian's ghost (amateur DsEn)
  2300 | D:3      | Found the +3 hat of Pondering {ponderous, Will+ MP+10
                  | Int+5}
  2319 | D:3      | Noticed Ijyb
  2339 | D:3      | Killed from afar by Ijyb

Illustrated notes

Levels and vault maps discovered:
D:1:      amcnicky_arrival_flooded_fountain, layout_loops_ring
D:2:      layout_loops_corners, wander_ebering_terrifying_dragon_lair,
          uniq_jessica, uniq_terence, uniq_natasha
D:3:      layout_rooms, zin_purify, ebering_ghost_inner_flame, uniq_sigmund,
          uniq_ijyb

Skill      XL: |  1  2  3  4  5  6 |
---------------+-------------------+-----
Stealth        | 1 3 4 |  4.0
Short Blades   | 3 4 |  4.2
Dodging        | 4 |  4.4
Fighting       | |  3.0
Shields        | |  3.9

Action                     |  1- 3 |  4- 6 || total
---------------------------+-------+-------++-------
  Melee: Rapier            |    56 |    87 ||   143
         Tentacles         |    16 |    21 ||    37
         Constrict         |    13 |    19 ||    32
  Evoke: Wand              |       |     1 ||     1
    Use: Scroll            |     3 |     4 ||     7
         Potion            |       |     2 ||     2
   Stab: Sleeping          |     4 |     9 ||    13
 Armour: Skin              |     3 |     5 ||     8
  Dodge: Dodged            |    40 |    47 ||    87
  Block: Buckler           |    12 |    21 ||    33

Table legend: (Time is in decaauts)
 A = Elapsed time spent in this place.
 B = Non-inter-level travel time spent in this place.
 C = Inter-level travel time spent in this place.
 D = Time resting spent in this place.
 E = Time spent auto-exploring this place.
 F = Levels seen in this place.
 G = Mean time per level.
                   A        B        C        D        E       F      G
               +--------+--------+--------+--------+--------+-----+--------+
         Total |   2353 |   2267 |     86 |    206 |   1610 |   3 |  784.3 |
       Dungeon |   2353 |   2267 |     86 |    206 |   1610 |   3 |  784.3 |
               +--------+--------+--------+--------+--------+-----+--------+

Top non-repeatable levels by time:
     D:2: 1134 daAuts
     D:1: 828 daAuts
     D:3: 391 daAuts
